 Dungeon Crawl Stone Soup version 0.20-a0-969-g3f209a8 (webtiles) character file.

68 Devintownsend the Covered (level 4, -1/40 HPs)
             Began as a Minotaur Fighter on Apr 7, 2017.
             Slain by Sigmund
             ... wielding a +3 vampiric scythe
              (6 damage)
             ... on level 3 of the Dungeon on Apr 8, 2017.
             The game lasted 00:04:31 (1444 turns).

Devintownsend the Covered (Minotaur Fighter)        Turns: 1444, Time: 00:04:31

Health: -1/40      AC:  7    Str: 27    XL:     4   Next: 1%
Magic:  3/3        EV:  7    Int:  5    God:
Gold:   131        SH: 10    Dex:  9    Spells: 3/3 levels left

rFire    . . .     SeeInvis .   a - +0 war axe
rCold    . . .     Gourm    .   c - +0 shield
rNeg     . . .     Faith    .   b - +0 scale mail
rPois    .         Spirit   .   (helmet restricted)
rElec    .         Reflect  .   (no cloak)
rCorr    .         Harm     .   (no gloves)
MR       .....                  (no boots)
Stlth    ..........             k - amulet of magic regeneration
Regen    0.2/turn               (no ring)
MPRegen  0.2/turn               (no ring)

@: mighty
A: retaliatory headbutt, horns 2
a: no special abilities


You were on level 3 of the Dungeon.
You were not hungry.

You visited 1 branch of the dungeon, and saw 3 of its levels.

You collected 131 gold pieces.

Inventory:

Hand Weapons
 a - a +0 war axe (weapon)
Armour
 b - a +0 scale mail (worn)
 c - a +0 shield (worn)
 p - a +0 chain mail
 r - a +0 buckler
Jewellery
 k - an amulet of magic regeneration (around neck)
 t - an uncursed ring of ice {unknown}
Scrolls
 e - a scroll of teleportation
 m - a scroll of enchant weapon {unknown}
 n - a scroll of immolation {unknown}
 s - a scroll of recharging {unknown}
Potions
 d - a potion of might
 g - a potion of haste
 h - a potion of cancellation {unknown}
 i - a potion of curing {unknown}
 j - a potion of lignification {unknown}
 o - a potion of mutation {unknown}
Comestibles
 f - a bread ration
 l - a meat ration
 q - a royal jelly


   Skills:
 + Level 3.9 Fighting
 + Level 3.1 Axes
 + Level 4.6 Armour
 + Level 4.4 Shields


You had 3 spell levels left.
You didn't know any spells.

Dungeon Overview and Level Annotations

Branches:
Dungeon (3/15)

Altars:
Ashenzari

Annotations:
D:3 Sigmund


Innate Abilities, Weirdness & Mutations

You reflexively headbutt those who attack you in melee.
You have a pair of horns on your head.


Message History

You slash the worm!
You kill the worm!
You have reached level 4!
You feel stronger. Something hits you. Something hits you but does no damage.
You barely miss something. You headbutt something!
Something hits you but does no damage.
You closely miss something. Something hits you.
Your shield prevents you from hitting something.
Something hits you but does no damage.
You barely miss something. Something hits you but does no damage.
You barely miss something. Something hits you!
* * * LOW HITPOINT WARNING * * *
You miss something. Your headbutt misses something.
Something hits you but does no damage.
You miss something. You closely miss something. Your headbutt misses something.
You block something's attack. Something hits you.
You die...

....... #.....# #
.......######.#.#
.......+.....<.>#
......####.###.#
#.... #...#.#
#....## #.#.# #
#.....###.#.#
#....{#..<#.#
###+#@###.#.#
#.#.....#
#.#.#.### #.#.#.#
#...#.# #.###.#
### #.# #.# #.#


There were no monsters in sight!

Vanquished Creatures
  2 adders (D:2)
  A worm (D:3)
  3 giant cockroaches
  4 goblins
  8 hobgoblins
  4 jackals (D:1)
  A quokka (D:3)
  8 bats
  A frilled lizard (D:2)
  6 kobolds
  4 rats
42 creatures vanquished.

Notes
Turn   | Place    | Note
-------+----------+-------------------------------------------
     0 | D:1      | Devintownsend the Minotaur Fighter began the quest for the Orb.
     0 | D:1      | Reached XP level 1. HP: 19/19 MP: 0/0
    74 | D:1      | Found a shattered altar of Ashenzari.
   216 | D:1      | Reached XP level 2. HP: 27/27 MP: 1/1
   745 | D:2      | Reached XP level 3. HP: 33/33 MP: 2/2
  1424 | D:3      | Noticed Sigmund
  1435 | D:3      | Reached XP level 4. HP: 26/40 MP: 3/3
  1444 | D:3      | Slain by Sigmund

Vault maps used:
D:1:      lightli_arrival_maybe_door_vault, st_stairs_9, minmay_misc_feat_doors,
          corner_web_ring, evilmike_ruin_ashenzari
D:3:      first_bread, yredelemnul_altar_generic, uniq_sigmund

Skill      XL: |  1  2  3 |
---------------+----------+-----
Armour         | 4 |  4.6
Axes           | 3 |  3.1
Shields        | 4 |  4.4
Fighting       | |  3.9

Action                   |  1- 3 |  4- 6 || total
-------------------------+-------+-------++-------
Melee: War axe           |   108 |     8 ||   116
       Headbutt          |     8 |     1 ||     9
  Use: Scroll            |     2 |       ||     2
       Potion            |     2 |       ||     2
  Eat: Chunk             |     2 |       ||     2
Armor: Scale mail        |    84 |     4 ||    88
Dodge: Dodged            |    38 |       ||    38
Block: Shield            |    85 |     1 ||    86
